 Dungeon Crawl Stone Soup version 0.29-a0-541-gaf1fc19f1b (webtiles) character file.

Game seed: 16690612716138837981

49 Pelinal the Firebug (level 3, -14/21 HPs)
             Began as an Octopode Fire Elementalist on June 3, 2022.
             Killed from afar by Ijyb (35 damage)
             ... with a bolt of acid
             ... on level 3 of the Dungeon.
             The game lasted 00:05:22 (2613 turns).

Pelinal the Firebug (Octopode Fire Elementalist)    Turns: 2613, Time: 00:05:22

Health: -14/21     AC:  1    Str:  7    XL:     3   Next: 77%
Magic:  3/6        EV: 13    Int: 19    God:
Gold:   129        SH:  0    Dex: 12    Spells: 3/6 levels left

rFire   . . .      SeeInvis .   f - +0 dagger
rCold   . . .      Faith    .   (no shield)
rNeg    . . .      Spirit   .   (helmet restricted)
rPois   .          Reflect  .   (no amulet)
rElec   .          Harm     .   r - ring of wizardry
rCorr   .          Rampage  .   (no ring)
Will    .....                   (no ring)
Stlth   +++.......              (no ring)
HPRegen 0.07/turn               (no ring)
MPRegen 0.10/turn               (no ring)
                                (no ring)
                                (no ring)

@: no status effects
A: almost no armour, amphibious, 8 rings, camouflage 1, gelatinous body 1,
(nimble swimmer 1), tentacles
a: no special abilities


You were on level 3 of the Dungeon.
You visited 1 branch of the dungeon, and saw 3 of its levels.

You collected 129 gold pieces.

Inventory:

Hand Weapons
 c - a +0 short sword
 f - a +0 dagger (weapon)
 i - a +1 whip of pain
 o - a +0 hunting sling
Jewellery
 r - a ring of wizardry (left tentacle)
Scrolls
 d - a scroll of silence {unknown}
 l - a scroll of vulnerability {unknown}
 m - a scroll of fog {unknown}
 n - a scroll of enchant armour {unknown}
 p - a scroll of identify
 q - a scroll of noise {unknown}
Potions
 a - a potion of magic
 b - a potion of might {unknown}
 e - a potion of brilliance {unknown}
 g - 4 potions of curing
 h - a potion of mutation {unknown}
 j - a potion of haste {unknown}
 k - a potion of heal wounds {unknown}


   Skills:
 - Level 2.0 Dodging
 - Level 2.6 Stealth
 + Level 2.2 Spellcasting
 + Level 1.3 Conjurations
 - Level 4.3 Fire Magic


You had 3 spell levels left.
You knew the following spells:

 Your Spells              Type           Power      Damage    Failure   Level
a - Foxfire               Conj/Fire      48%        2x1d6     2%          1
b - Scorch                Fire           36%        2d7       1%          2

Your spell library contained the following spells:

 Spells                   Type           Power      Damage    Failure   Level
 Magic Dart               Conj           28%        1d4       4%          1
 Conjure Flame            Conj/Fire      12%        6-21      6%          3
 Inner Flame              Hex/Fire       10%        N/A       9%          3
 Call Imp                 Summ           2%         N/A       11%         2
 Mephitic Cloud           Conj/Pois/Air  3%         N/A       16%         3
 Flame Wave               Conj/Fire      12%        2d6       21%         4


Dungeon Overview and Level Annotations

Branches:
Dungeon (3/15)

Altars:

Annotations:
D:3 Ijyb, Terence


Innate Abilities, Weirdness & Mutations

You cannot wear most types of armour.
You are amphibious.
You can wear up to eight rings at the same time.
Your skin changes colour to match your surroundings (Stealth+).
Your rubbery body absorbs attacks. (AC +1, EV +1)
((You are camouflaged when in or above water. (Stealth+)))
You have tentacles for arms and can constrict up to eight enemies at once.


Message History

Unknown command.
You now have 129 gold pieces (gained 9).
There are no items here.
A hobgoblin comes into view.
Unknown command.
Casting: Foxfire (safe; 5% risk of failure)
Confirm with . or Enter, or press ? or * to list all spells.
You conjure some foxfire!
Unknown command.
The foxfire hits the hobgoblin.
The hobgoblin is moderately wounded.
The hobgoblin shouts!
The foxfire hits the hobgoblin.
You kill the hobgoblin!
You hear a shout!
Unknown command.
Unknown command.
Search for what [? for help]? ring
r - a ring of wizardry (left tentacle) Unknown command.
Unknown command.
Ijyb the Twisted Goblin comes into view.
She is wielding a +0 dagger of speed and carrying a wand of acid (4).
Unknown command.
Casting: Foxfire (safe; 2% risk of failure)
Confirm with . or Enter, or press ? or * to list all spells.
You conjure some foxfire!
The foxfire hits Ijyb but does no damage.
Unknown command.
Casting: Foxfire (safe; 2% risk of failure)
Confirm with . or Enter, or press ? or * to list all spells.
You conjure some foxfire!
The foxfire hits Ijyb but does no damage.
The foxfire hits Ijyb but does no damage.
The foxfire hits Ijyb.
Ijyb is lightly wounded.
Casting: Foxfire (safe; 2% risk of failure)
Confirm with . or Enter, or press ? or * to list all spells.
You conjure some foxfire!
Ijyb zaps a wand.
The bolt of acid hits you!!
Ouch! That really hurt!
You die...

#.......#.#..#
#.8.8.8.#.#..#
#.......#....#
#<..†.....#..#
#.......####.## ..
#.8.8.8.# ##.# #..#
#.......####.##.....
#########.#[........
.####..§.@v......##.....
....g§§§§§v###...###...(
....##$##...........#...
.#. #.# ##..........♣ ..
... #.###..)#### . .##.
#.# #...... .. # ..#
##.....[ . .... ..####.
....# ..


You could see Ijyb (ally target).

Vanquished Creatures
  2 dart slugs (D:2)
  6 ball pythons
  5 endoplasms
  3 giant cockroaches (D:1)
  8 goblins
  4 hobgoblins
  4 kobolds
  A quokka (D:1)
  4 bats
  2 frilled lizards (D:1)
  2 rats (D:3)
41 creatures vanquished.

Vanquished Creatures (others)
  58 foxfires
58 creatures vanquished.

Grand Total: 99 creatures vanquished

Notes
Turn   | Place    | Note
-------+----------+-------------------------------------------
     0 | D:1      | Pelinal the Octopode Fire Elementalist began the quest for
                  | the Orb.
     0 | D:1      | Reached XP level 1. HP: 11/11 MP: 3/3
   289 | D:1      | Reached XP level 2. HP: 7/17 MP: 1/5
   397 | D:1      | Learned a level 2 spell: Scorch
   950 | D:1      | Reached skill level 4 in Fire Magic
  1136 | D:1      | Reached XP level 3. HP: 20/21 MP: 3/6
  1953 | D:2      | Found a faded altar of an unknown god.
  2509 | D:3      | Noticed Terence
  2608 | D:3      | Noticed Ijyb
  2613 | D:3      | Killed from afar by Ijyb

Illustrated notes

Levels and vault maps discovered:
D:1:      psy_arrival_spokes, layout_basic
D:2:      layout_loops_ring, ebering_ecumenical_altar_abandoned, st_stairs_4,
          chequers_serial_rivers_micro_d
D:3:      layout_loops_ring, mainiacjoe_overflow_boulevard, serial_bayou,
          serial_bayou_ford_a, serial_bayou_shore_b, serial_bayou_pond_e,
          serial_bayou_pond_b, minmay_misc_feat_doors, grunt_ministairs_3,
          kennysheep_decorative_pillar, minmay_ruptured, uniq_robin, uniq_ijyb,
          uniq_terence

Skill      XL: |  1  2 |
---------------+-------+-----
Fire Magic     | 4 |  4.3
Dodging        | |  2.0
Stealth        | |  2.6
Spellcasting   | |  2.2
Conjurations   | |  1.3

Action                   || total
-------------------------++-------
Melee: Short sword       ||    11
       Constrict         ||     6
       Dagger            ||    19
       Tentacles         ||     6
 Cast: Foxfire           ||    34
       Scorch            ||     8
  Use: Scroll            ||     1
 Stab: Sleeping          ||     5
Armor: Skin              ||     3
Dodge: Dodged            ||    17

Table legend: (Time is in decaauts)
 A = Elapsed time spent in this place.
 B = Non-inter-level travel time spent in this place.
 C = Inter-level travel time spent in this place.
 D = Time resting spent in this place.
 E = Time spent auto-exploring this place.
 F = Levels seen in this place.
 G = Mean time per level.
                   A        B        C        D        E       F      G
               +--------+--------+--------+--------+--------+-----+--------+
         Total |   2612 |   2399 |    213 |    622 |   1264 |   3 |  870.7 |
       Dungeon |   2612 |   2399 |    213 |    622 |   1264 |   3 |  870.7 |
               +--------+--------+--------+--------+--------+-----+--------+

Top non-repeatable levels by time:
     D:1: 1654 daAuts
     D:2: 875 daAuts
     D:3: 83 daAuts
